 Dungeon Crawl Stone Soup version 0.28-a0-987-g8383568036 (webtiles) character file.

Game seed: 17765782500322892119

75259 Decritt the Earth Mage (level 15, -1/92 HPs)
             Began as a Gargoyle Earth Elementalist on Dec 4, 2021.
             Was the Champion of Zin.
             Killed by the raging water
             ... invoked by a water nymph
              (34 damage)
             ... on level 2 of the Shoals.
             The game lasted 01:20:59 (30984 turns).

Decritt the Earth Mage (GrEE)                      Turns: 30984, Time: 01:21:00

Health: -1/92      AC: 31    Str: 13    XL:     15   Next: 49%
Magic:  9/37       EV: 10    Int: 28    God:    Zin [******]
Gold:   831        SH: 17    Dex:  5    Spells: 29/32 levels left

rFire   + . .      SeeInvis .   F - staff of earth
rCold   + . .      Faith    .   y - +2 kite shield of Restlessness {rElec MP+9 Dex-5}
rNeg    + . .      Spirit   .   G - quicksilver dragon scales
rPois   ∞          Reflect  +   M - +1 hat
rElec   +          Harm     .   i - +2 cloak {rCorr}
rCorr   +          Rampage  .   N - +0 pair of gloves "Orghoy" {rC+ Will+}
Will    ++++.                   f - +0 pair of boots
Stlth   +.........              C - amulet of reflection
HPRegen 0.25/turn               T - +6 ring of intelligence
MPRegen 0.25/turn               d - ring of Zodoi {rF+ Will+}

@: flying
A: sickness immunity, AC +11, big wings, negative energy resistance 1,
electricity resistance, torment resistance 1, petrification resistance
a: Renounce Religion, Recite, Vitalisation, Imprison, Sanctuary, Donate Gold


You were on level 2 of the Shoals.
You worshipped Zin.
Zin was exalted by your worship.
You visited 3 branches of the dungeon, and saw 20 of its levels.
You also visited: Ossuary.

You collected 1566 gold pieces.
You spent 588 gold pieces at shops.
You donated 147 gold pieces to Zin.

Inventory:

Missiles
 P - 131 stones
Armour
 f - a +0 pair of boots (worn)
 i - a +2 cloak of preservation (worn)
 m - a +2 scale mail of fire resistance
 n - a +2 kite shield of protection
 y - the +2 kite shield of Restlessness (worn) {rElec MP+9 Dex-5}
   (You acquired it on level 11 of the Dungeon)

   Dex:       It affects your dexterity (-5).
   rElec:     It insulates you from electricity.
   MP:        It affects your magic capacity (+9).
 G - quicksilver dragon scales (worn)
 M - a +1 hat (worn)
 N - the +0 pair of gloves "Orghoy" (worn) {rC+ Will+}
   (You found it on level 1 of the Lair of Beasts)

   rC:        It protects you from cold.
   Will:      It increases your willpower.
Magical Staves
 F - a staff of earth (weapon)
 R - a staff of fire
Jewellery
 b - a +4 ring of protection
 d - the ring of Zodoi (right hand) {rF+ Will+}
   (You found it on level 6 of the Lair of Beasts)

   [ring of protection from fire]

   rF:        It protects you from fire.
   Will:      It increases your willpower.
 g - an amulet of magic regeneration
 C - an amulet of reflection (around neck)
 I - a ring of see invisible
 S - a ring of protection from cold
 T - a +6 ring of intelligence (left hand)
Wands
 a - a wand of paralysis (6)
 s - a wand of charming (5)
 v - a wand of mindburst (17)
 H - a wand of flame (31)
 J - a wand of digging (8)
 O - a wand of acid (13)
Scrolls
 c - a scroll of enchant weapon {unknown}
 h - 2 scrolls of noise {unknown}
 k - 3 scrolls of immolation
 o - a scroll of amnesia
 q - 2 scrolls of fog
 r - a scroll of fear {unknown}
 u - 10 scrolls of teleportation
 B - 3 scrolls of blinking
 K - a scroll of vulnerability {unknown}
 Q - 2 scrolls of summoning {unknown}
Potions
 e - 6 potions of heal wounds
 j - 4 potions of cancellation
 l - a potion of experience {unknown}
 p - 2 potions of haste
 t - 3 potions of resistance
 w - 11 potions of curing
 x - 3 potions of mutation {unknown}
 z - 4 potions of brilliance
 A - 5 potions of ambrosia
 L - 2 potions of berserk rage {unknown}
 U - a potion of magic {unknown}


   Skills:
 - Level 10.0 Fighting
 - Level 6.4 Staves
 + Level 10.5 Armour
 + Level 3.7 Dodging
 - Level 2.1 Stealth
 + Level 10.7 Shields
 - Level 9.0 Spellcasting
 - Level 7.0 Conjurations
 - Level 0.7 Transmutations
 * Level 17.4 Earth Magic
 - Level 10.3 Invocations


You had 29 spell levels left.
You knew the following spells:

 Your Spells              Type           Power      Damage    Failure   Level
a - Stone Arrow           Conj/Erth      100%       3d13      1%          3

Your spell library contained the following spells:

 Spells                   Type           Power      Damage    Failure   Level
 Sandblast                Erth           100%       2d20      0%          1
 Passwall                 Tmut/Erth      63%        N/A       1%          2
 Petrify                  Tmut/Erth      76%        N/A       3%          4
 Gell's Gravitas          Tloc           12%        N/A       38%         3
 Teleport Other           Tloc           12%        N/A       38%         3
 Tukima's Dance           Hex            12%        N/A       38%         3
 Passage of Golubria      Tloc           12%        N/A       80%         4
 Summon Ice Beast         Ice/Summ       12%        N/A       80%         4
 Metabolic Englaciation   Hex/Ice        6%         N/A       98%         5
 Summon Mana Viper        Hex/Summ       12%        N/A       98%         5
 Yara's Violent Unravell  Hex/Tmut       7%         3d5       98%         5
 Dispersal                Tloc           6%         N/A       100%        6
 Monstrous Menagerie      Summ           6%         N/A       100%        7
 Statue Form              Tmut/Erth      Unusable   N/A       N/A         6

Dungeon Overview and Level Annotations

Branches:
Dungeon (12/15)            Temple (0/1) D:5            Lair (6/6) D:10
 Shoals (2/4) Lair:4        Snake (0/4) Lair:2        Slime (0/5) Lair:6
    Orc (0/2) D:11        Ossuary (visited)

Altars:
Ashenzari
Cheibriados
Dithmenos
Hepliaklqana
Makhleb
Ru
Sif Muna
Trog
Zin
The Shining One
Jiyva

Shops:
D:1 !   D:2 (   D:5 =

Annotations:
D:7 3 runed translucent doors, bgiannan's ghost, novice FoFi
Lair:3 exclusion: 4 oklob plants


Innate Abilities, Weirdness & Mutations

You are immune to sickness and miasma.
Your stone body is resilient. (AC +11)
You are immune to poison.
Your large and strong wings let you fly.
You resist negative energy. (rN+)
You are resistant to electric shocks. (rElec)
You are resistant to unholy torment.
You are immune to petrification.


Message History

The kraken is heavily wounded.
You block the kraken's attack.
Aiming: Stone Arrow (safe; 1% risk of failure)
Press: ? - help, Q - select action, (/) - cycle Shift-Dir - straight line, f/p - kraken
Aim: a kraken (water, heavily wounded, 100% to hit)
You feel a surge of power!
The stone arrow hits the kraken!
The kraken is severely wounded.
The kraken bites you!
Aiming: Stone Arrow (safe; 1% risk of failure)
Press: ? - help, Q - select action, (/) - cycle Shift-Dir - straight line, f/p - kraken
Aim: a kraken (water, severely wounded, 100% to hit)
You feel a surge of power!
The stone arrow hits the kraken but does no damage.
The kraken is severely wounded.
You block the kraken's attack. The kraken bites you!!
* * * LOW HITPOINT WARNING * * *
You block the kraken's attack.
Tentacles burst out of the water! 4 tentacles come into view.
As you read the scroll of teleportation, it crumbles to dust.
You feel strangely unstable. You block the tentacle's attack.
The kraken bites you but does no damage.
You block the tentacle's attack. The tentacle barely misses you. x2
The kraken bites you but does no damage.
You block the tentacle's attack.
A tentacle segment bursts forth from the water.
You block the tentacle's attack.
The tentacle slaps you but does no damage.
You block the tentacle's attack.
Your surroundings suddenly seem different.
A merfolk siren and a water nymph come into view.
Found 28 gold pieces.
The water nymph shouts!
You hear a shout!
The merfolk siren chants a haunting song.
You resist with almost no effort.
A merfolk comes into view. It is wielding a +0 trident.
A water elemental comes into view.
The water nymph casts a spell at you. The water rises up and strikes you!!
You die...

≈≈≈≈≈≈≈≈≈...h.##..)........≈
≈≈≈≈≈≈≈≈.# #.....≈≈..≈≈≈..≈≈
≈≈≈≈≈≈≈≈.###...≈..≈≈≈≈≈≈≈..≈
≈≈≈≈≈≈≈≈≈.##...≈≈≈≈≈≈≈≈≈≈.>.
≈≈≈≈≈≈≈≈≈≈.<≈≈≈≈≈≈≈≈≈≈≈≈≈...
≈≈≈≈≈≈...≈≈≈≈≈≈≈≈≈≈≈≈≈≈≈..≈.
≈≈≈≈......≈≈≈≈≈≈≈≈≈≈≈≈≈....
≈≈≈.).....≈≈≈≈≈≈≈≈≈≈≈≈≈≈≈..
≈≈..).###.≈≈≈≈≈≈@≈≈≈≈≈≈≈≈
......###.≈≈≈≈≈≈≈≈≈≈≈≈≈.#
.......##.≈≈≈≈≈≈≈≈≈≈≈≈≈##
..#........≈≈≈≈≈≈≈≈≈p≈..#
....≈≈.....≈≈≈≈≈≈≈≈.≈≈≈..
...≈≈≈≈....≈≈≈≈≈≈≈≈≈≈≈$.≈
..≈≈≈≈≈≈..≈≈≈≈≈≈≈≈≈≈≈≈≈mE
..≈≈≈...)≈≈≈≈≈≈≈≈≈≈≈m≈≈≈m
......##..≈≈≈≈≈≈≈≈≈≈≈≈≈≈≈


You could see a merfolk siren, a water nymph and a neutral human (wandering).

Vanquished Creatures
  Gastronok (D:8)
  Kirke (Shoals:2)
  A merfolk impaler (Shoals:2)
  2 boulder beetles (Lair:4)
  9 hydras
  Erica (D:8)
  3 death yaks (Lair:3)
  An alligator snapping turtle (Shoals:2)
  A death knight (D:11)
  3 two-headed ogres
  A swamp dragon (Lair:1)
  5 harpies (Shoals:1)
  Pikel (D:9)
  2 wolf spiders (Lair:6)
  4 manticores
  A faun (Shoals:2)
  2 cyclopes (Shoals:2)
  An ugly thing (D:11)
  3 centaur zombies
  Maurice (D:11)
  7 elephants
  A guardian serpent (Lair:6)
  10 black mambas
  8 merfolk sirens
  23 cane toads
  2 water nymphs
  A gargoyle (D:10)
  5 rime drakes
  9 komodo dragons
  7 merfolk
  A queen bee (Lair:2)
  3 wind drakes
  8 polar bears
  16 blink frogs
  Prince Ribbit (D:7)
  3 hornets
  9 dream sheep
  Grinder (D:3)
  3 snapping turtles (Shoals:2)
  2 redbacks (Lair:6)
  A shadow (D:10)
  13 wyverns
  2 hogs (Shoals:2)
  2 wraiths (D:11)
  Eustachio (D:6)
  6 basilisks
  2 steam dragons (Lair:3)
  58 yaks
  2 humans (D:7)
  3 nagas (Lair:2)
  25 water moccasins
  Edmund (D:6)
  9 orc warriors
  A sky beast (D:6)
  2 ice beasts
  A black bear (D:6)
  2 necrophages
  14 wolves
  3 ogres
  8 centaurs
  A kobold brigand (D:11)
  Blork the orc (D:4)
  10 bullfrogs
  A scorpion (D:5)
  A troll zombie (D:11)
  45 killer bees
  3 wights (D:7)
  2 howler monkeys
  2 hounds
  2 jellies
  7 gnoll shamans
  5 orc priests
  A centaur skeleton (D:7)
  An iguana (D:7)
  A scorpion zombie (D:4)
  13 orc wizards
  A hell rat (Lair:3)
  A killer bee zombie (D:8)
  6 ogre zombies (D:11)
  A hound zombie (D:5)
  9 mummies
  3 howler monkey zombies
  2 howler monkey skeletons
  30 gnolls
  5 adders
  2 shadow imps (D:8)
  2 white imps (D:7)
  An ufetubus (D:7)
  A worm (D:4)
  2 dart slugs
  25 orcs
  4 endoplasms
  2 giant cockroaches
  7 goblins
  8 hobgoblins
  12 jackals
  3 quokkas
  6 ball pythons
  4 bats
  2 frilled lizards
  2 gnoll zombies (Ossuary)
  A goblin skeleton (D:11)
  3 goblin zombies (D:11)
  A hobgoblin skeleton (D:11)
  3 hobgoblin zombies
  11 kobolds
  3 kobold zombies (Ossuary)
  4 orc skeletons (D:11)
  16 orc zombies
  6 rats
605 creatures vanquished.

Vanquished Creatures (others)
  A human (Shoals:2)
  A bush (Lair:2)
  50 fungi
  138 plants
  14 tentacles
  4 toadstools (D:1)
208 creatures vanquished.

Grand Total: 813 creatures vanquished

Notes
Turn   | Place    | Note
-------+----------+-------------------------------------------
     0 | D:1      | Decritt the Gargoyle Earth Elementalist began the quest for
                  | the Orb.
     0 | D:1      | Reached XP level 1. HP: 10/10 MP: 3/3
   209 | D:1      | Reached XP level 2. HP: 16/16 MP: 5/5
   252 | D:1      | Reached skill level 1 in Fighting
   407 | D:1      | Reached skill level 4 in Earth Magic
   683 | D:1      | Found Ucisaeg's Distillery.
  1153 | D:1      | Reached XP level 3. HP: 18/20 MP: 6/6
  2194 | D:2      | Found Pefamel's Weapon Emporium.
  2375 | D:2      | Learned a level 3 spell: Stone Arrow
  2412 | D:2      | Reached XP level 4. HP: 17/26 MP: 7/7
  3067 | D:3      | Found a sacrificial altar of Ru.
  3486 | D:3      | Reached skill level 5 in Earth Magic
  3486 | D:3      | Reached XP level 5. HP: 21/32 MP: 6/9
  4242 | D:4      | Noticed Grinder
  4258 | D:3      | Killed Grinder
  4259 | D:3      | Reached skill level 6 in Earth Magic
  4259 | D:3      | Reached XP level 6. HP: 18/39 MP: 5/10
  4539 | D:4      | Found a glowing silver altar of Zin.
  4542 | D:4      | Found a glowing golden altar of the Shining One.
  4544 | D:4      | Found a snail-covered altar of Cheibriados.
  4551 | D:4      | Became a worshipper of Zin the Law-Giver
  4551 | D:4      | Reached * piety under Zin
  5052 | D:4      | Reached XP level 7. HP: 38/44 MP: 5/11
  5517 | D:4      | Reached skill level 1 in Conjurations
  5655 | D:4      | Noticed Blork the orc
  5661 | D:4      | Killed Blork the orc
  6022 | D:5      | Entered Level 5 of the Dungeon
  6023 | D:5      | Identified a scroll of acquirement
  6023 | D:5      | Acquired a +2 kite shield of protection
  6044 | D:5      | Found a sand-covered staircase.
  6051 | D:5      | Reached skill level 7 in Earth Magic
  6123 | Ossuary  | Entered an ossuary
  6155 | Ossuary  | Reached skill level 5 in Fighting
  6351 | Ossuary  | Reached ** piety under Zin
  6407 | Ossuary  | Reached *** piety under Zin
  6434 | Ossuary  | Reached **** piety under Zin
  6561 | D:5      | Found Ujaytu's Jewellery Emporium.
  6596 | D:5      | Reached skill level 1 in Shields
  6628 | D:5      | Acquired a staff of earth
  6782 | D:5      | Reached XP level 8. HP: 50/50 MP: 6/12
  6808 | D:5      | Found a burning altar of Makhleb.
  7291 | D:5      | Found a staircase to the Ecumenical Temple.
  7575 | D:6      | Noticed Edmund
  7591 | D:6      | Killed Edmund
  7919 | D:6      | Reached skill level 8 in Earth Magic
  8179 | D:6      | Reached ***** piety under Zin
  8252 | D:6      | Noticed Eustachio
  8255 | D:6      | Killed Eustachio
  8256 | D:6      | Reached XP level 9. HP: 56/56 MP: 5/13
  8562 | D:7      | Noticed Prince Ribbit
  8565 | D:7      | Killed Prince Ribbit
  8583 | D:7      | Reached skill level 5 in Conjurations
  8587 | D:7      | Reached skill level 9 in Earth Magic
  8893 | D:7      | Noticed bgiannan's ghost (novice FoFi)
  8947 | D:7      | Found a runed translucent gate.
  8947 | D:7      | Found a runed translucent gate.
  8947 | D:7      | Found a runed translucent gate.
  9108 | D:7      | Reached skill level 5 in Shields
  9114 | D:7      | Reached skill level 1 in Armour
  9328 | D:7      | Found a shadowy altar of Dithmenos.
  9328 | D:7      | Found a hazy altar of Hepliaklqana.
  9393 | D:7      | Reached skill level 1 in Invocations
  9682 | D:8      | You fall into a shaft and drop 2 floors!
  9682 | D:10     | Entered Level 10 of the Dungeon
  9724 | D:10     | Found a staircase to the Lair.
  9799 | D:11     | Reached skill level 10 in Earth Magic
  9874 | D:11     | Reached XP level 10. HP: 56/63 MP: 9/15
 11025 | D:10     | Reached skill level 5 in Armour
 11364 | D:8      | Noticed Gastronok
 11385 | D:8      | Killed Gastronok
 11386 | D:8      | Reached XP level 11. HP: 67/67 MP: 2/17
 11679 | D:8      | Found a broken altar of Ashenzari.
 11768 | D:8      | Noticed Erica
 11778 | D:8      | Killed Erica
 11863 | D:8      | Noticed a two-headed ogre
 11956 | D:7      | Killed a two-headed ogre
 12478 | D:8      | Noticed a two-headed ogre
 12494 | D:8      | Reached skill level 5 in Spellcasting
 12496 | D:8      | Killed a two-headed ogre
 12653 | D:9      | Reached skill level 5 in Invocations
 12792 | D:9      | Found a bloodstained altar of Trog.
 13311 | D:9      | Noticed Pikel
 13314 | D:9      | Killed Pikel
 13630 | D:10     | Identified the +0 plate armour "Zavet" {Str+4}
 14228 | D:10     | Noticed a two-headed ogre
 14235 | D:10     | Killed a two-headed ogre
 14635 | D:11     | Reached skill level 11 in Earth Magic
 14788 | D:11     | Reached ****** piety under Zin
 14835 | D:11     | Found a staircase to the Orcish Mines.
 14986 | D:11     | Noticed a death knight
 14995 | D:11     | Killed a death knight
 14996 | D:11     | Reached XP level 12. HP: 33/74 MP: 1/19
 15325 | D:11     | Found a shimmering blue altar of Sif Muna.
 15562 | D:11     | Noticed Maurice
 15591 | D:11     | Killed Maurice
 15763 | D:11     | Acquired the +2 kite shield of Restlessness {rElec MP+9
                  | Dex-5}
 16428 | Lair:1   | Entered Level 1 of the Lair of Beasts
 16672 | Lair:1   | Reached skill level 12 in Earth Magic
 16833 | Lair:1   | Found a transporter.
 17103 | Lair:1   | Found a transporter.
 17143 | Lair:1   | Identified the +0 pair of gloves "Orghoy" {rC+ Will+}
 17652 | Lair:2   | Identified the +7 war axe "Tuim Wos" {venom, rElec Will+
                  | rCorr}
 17960 | Lair:2   | Found a staircase to the Snake Pit.
 18049 | Lair:2   | Reached skill level 13 in Earth Magic
 18547 | Lair:2   | Noticed a six-headed hydra
 18551 | Lair:2   | Killed a six-headed hydra
 18552 | Lair:2   | Reached XP level 13. HP: 81/81 MP: 22/22
 19577 | Lair:3   | Reached skill level 1 in Staves
 19758 | Lair:3   | Reached skill level 10 in Fighting
 19990 | Lair:3   | Reached skill level 14 in Earth Magic
 21869 | Lair:4   | Found a staircase to the Shoals.
 22402 | Lair:4   | Gained mutation: Your large and strong wings let you fly.
                  | [Gargoyle growth]
 22402 | Lair:4   | Reached XP level 14. HP: 88/88 MP: 12/25
 22595 | Lair:4   | Reached skill level 15 in Earth Magic
 23591 | Lair:4   | HP: 4/88 [boulder beetle (20)]
 25334 | Lair:6   | Entered Level 6 of the Lair of Beasts
 25339 | Lair:6   | Reached skill level 10 in Invocations
 25609 | Lair:6   | Reached skill level 5 in Staves
 25754 | Lair:6   | Reached skill level 16 in Earth Magic
 26576 | Lair:6   | Found a staircase to the Slime Pits.
 26576 | Lair:6   | Found a viscous altar of Jiyva.
 26690 | Lair:6   | Found a sacrificial altar of Ru.
 26769 | Lair:6   | Identified the ring of Zodoi {rF+ Will+}
 26892 | Lair:6   | Reached XP level 15. HP: 92/92 MP: 28/28
 27540 | D:5      | Bought an amulet of reflection for 390 gold pieces
 27638 | D:1      | Bought a potion of curing for 33 gold pieces
 27638 | D:1      | Bought 2 potions of heal wounds for 110 gold pieces
 27638 | D:1      | Bought a potion of heal wounds for 55 gold pieces
 27870 | Shoals:1 | Entered Level 1 of the Shoals
 27944 | Shoals:1 | Identified the +1 shortbow of Shame {venom, Dex+4 Stlth-}
 28128 | Shoals:1 | Reached skill level 10 in Shields
 28323 | Shoals:1 | Reached skill level 10 in Armour
 28872 | Shoals:1 | Reached skill level 17 in Earth Magic
 28898 | Shoals:1 | Found a hazy altar of Hepliaklqana.
 29028 | Shoals:1 | Noticed a kraken
 29874 | Shoals:2 | Identified the +2 mace "Duvomyr" {drain, rF+ rC- rCorr
                  | Dex+2}
 30330 | Shoals:2 | Noticed Kirke
 30335 | Shoals:2 | Noticed a sphinx
 30442 | Shoals:2 | Killed Kirke
 30960 | Shoals:2 | Noticed a kraken
 30984 | Shoals:2 | Killed from afar by a water nymph

Illustrated notes

Levels and vault maps discovered:
D:1:      ldierk_water_garden, layout_basic, serial_shops,
          nicolae_shop_hallway_stairs, hex_medium, grunt_decor_mini_mirrors,
          corner_web_ring, feat_on_display
D:2:      layout_loops_ring, serial_shops, nicolae_shop_statue_plus, nrook_uturn
D:3:      layout_basic, nicolae_ru_sacrificial_ziggurat, cheibrodos_gnoll_hut
D:4:      layout_rooms, grunt_temple_overflow_diamond,
          cheibrodos_sewer_entry_bend, uniq_grinder, uniq_blork_the_orc
D:5:      layout_gridville, lemuel_round_altar, temple_hall,
          gup_ossuary_entry_pyramid, chequers_avenue,
          minmay_shop_enchanted_jewellery
D:6:      layout_rooms, uniq_edmund, uniq_eustachio
D:7:      layout_loops_ring, riverfiend_overflow_shadow_ancestor,
          gammafunk_ghost_icy, minmay_ruffians, uniq_prince_ribbit1
D:8:      layout_loops_corners, nicolae_overflow_hidden_temple, uniq_erica,
          uniq_gastronok
D:9:      layout_roguey, mainiacjoe_overflow_boulevard,
          wad_floor_pattern_untrapped, uniq_pikel
D:10:     layout_loops_corners, minmay_lair_entry_grove,
          hangedman_corner_corridor
D:11:     kennysheep_seaside_town, layout_loops_ring, zombieorc2_lemuel,
          kennysheep_orc_sif_temple, uniq_maurice
D:12:     layout_basic, portal_ice_cave_entry_pillars_1,
          biasface_ghost_orc_armoury, uniq_erolcha, uniq_azrael
Lair:1:   gammafunk_cloud_chamber, layout_misc_corridors, grunt_megastairs_4
Lair:2:   layout_regular_city, guppyfry_snake_entry_garden, serial_bayou_shore_b
Lair:3:   hangedman_what_comes_after_a, layout_loops_ring
Lair:4:   layout_layer_cave, elwin_shoals_entry_stream
Lair:5:   layout_loops_ring
Lair:6:   hangedman_lair_tendril_chambers, layout_loops_ring, slime_altar_1,
          basic_altar, cheibrodos_lair_lostbears
Shoals:1: layout_shoals, nicolae_shoals_nautilus_by_nature, lemuel_centaur_altar
Shoals:2: layout_shoals, lemuel_oklob_altar, uniq_kirke

Skill      XL: |  1  2  3  4  5  6  7  8  9 10 11 12 13 14 15 |
---------------+----------------------------------------------+-----
Fighting       | 1 2 3 4 5 6 7 8 9 10 | 10.0
Earth Magic    | 4 5 6 7 8 10 11 13 14 16 17 | 17.4
Spellcasting   | 3 4 5 6 7 9 |  9.0
Conjurations   | 2 4 5 6 7 |  7.0
Shields        | 1 3 6 8 9 10 | 10.7
Armour         | 3 6 7 8 9 10 | 10.5
Invocations    | 2 4 6 7 9 10 | 10.3
Dodging        | 2 3 |  3.7
Staves         | 3 6 |  6.4
Stealth        | |  2.1
Transmutations | |  0.7

Action                   |  1- 3 |  4- 6 |  7- 9 | 10-12 | 13-15 || total
-------------------------+-------+-------+-------+-------+-------++-------
Melee: Unarmed           |     4 |       |       |       |       ||     4
       Whip              |    48 |   100 |       |       |       ||   148
       Hand axe          |       |       |    48 |       |       ||    48
       Staff             |       |       |    80 |   275 |   181 ||   536
Throw: Dart              |    47 |       |       |       |       ||    47
       Stone             |     5 |       |       |       |       ||     5
 Cast: Sandblast         |    29 |    41 |    54 |   110 |       ||   234
       Stone Arrow       |       |     5 |    88 |   269 |   733 ||  1095
Invok: Recite            |       |       |       |     1 |       ||     1
Evoke: Wand              |       |       |       |       |     2 ||     2
  Use: Scroll            |     2 |       |    11 |     9 |     6 ||    28
       Potion            |       |       |       |       |     3 ||     3
 Stab: Sleeping          |     2 |       |       |       |       ||     2
Armor: Robe              |    38 |    71 |     8 |       |       ||   117
       Leather armour    |       |       |    24 |       |       ||    24
       Quicksilver drago |       |       |    29 |   247 |   487 ||   763
Dodge: Dodged            |    40 |    85 |    83 |   159 |   296 ||   663
Block: Kite shield       |       |       |    37 |   235 |   520 ||   792
       Reflection        |       |       |       |       |    17 ||    17

Table legend: (Time is in decaauts)
 A = Elapsed time spent in this place.
 B = Non-inter-level travel time spent in this place.
 C = Inter-level travel time spent in this place.
 D = Time resting spent in this place.
 E = Time spent auto-exploring this place.
 F = Levels seen in this place.
 G = Mean time per level.
                   A        B        C        D        E       F      G
               +--------+--------+--------+--------+--------+-----+--------+
         Total |  31288 |  30123 |   1165 |  11863 |  12761 |  21 | 1489.9 |
       Dungeon |  16746 |  15927 |    819 |   5808 |   7070 |  12 | 1395.5 |
          Lair |  11080 |  10769 |    311 |   4277 |   4742 |   6 | 1846.7 |
        Shoals |   3114 |   3079 |     35 |   1754 |    787 |   2 | 1557.0 |
       Ossuary |    347 |    347 |      0 |     24 |    162 |   1 |  347.0 |
               +--------+--------+--------+--------+--------+-----+--------+

Top non-repeatable levels by time:
    D:11: 2962 daAuts
  Lair:4: 2362 daAuts
  Lair:2: 2279 daAuts
Shoals:1: 2061 daAuts
     D:3: 1989 daAuts
  Lair:6: 1823 daAuts
  Lair:3: 1803 daAuts
    D:10: 1618 daAuts
     D:2: 1545 daAuts
  Lair:1: 1455 daAuts
     D:8: 1386 daAuts
     D:5: 1368 daAuts
     D:1: 1359 daAuts
  Lair:5: 1356 daAuts
     D:7: 1346 daAuts
